 Dungeon Crawl Stone Soup version 0.21-a0-529-g8c7b3f5 (webtiles) character file.

1976 Gerstahl the Skirmisher (level 9, -1/57 HPs)
             Began as a Gargoyle Monk on Dec 9, 2017.
             Was a Believer of Nemelex Xobeh.
             Slain by a satyr (4 damage)
             ... on level 6 of the Dungeon.
             The game lasted 00:10:40 (6534 turns).

Gerstahl the Skirmisher (Gargoyle Monk)             Turns: 6534, Time: 00:10:41

Health: -1/57      AC: 12    Str: 16    XL:     9   Next: 20%
Magic:  12/12      EV: 12    Int: 10    God:    Nemelex Xobeh [**....]
Gold:   179        SH:  0    Dex: 15    Spells: 8/8 levels left

rFire    . . .     SeeInvis .   a - +1 falchion
rCold    . . .     Gourm    .   (no shield)
rNeg     + . .     Faith    .   k - +0 ring mail
rPois    ∞         Spirit   .   (no helmet)
rElec    +         Reflect  .   (no cloak)
rCorr    .         Harm     .   (no gloves)
MR       .....                  (no boots)
Stlth    +.........             (no amulet)
HPRegen  0.19/turn              (no ring)
MPRegen  0.13/turn              (no ring)

@: no status effects
A: negative energy resistance 1, electricity resistance, unbreathing,
petrification resistance, rot immunity, AC +6
a: Renounce Religion


You were on level 6 of the Dungeon.
You worshipped Nemelex Xobeh.
Nemelex Xobeh was pleased with you.
You were not hungry.

You visited 2 branches of the dungeon, and saw 8 of its levels.

You collected 179 gold pieces.

Inventory:

Hand Weapons
 a - a +1 falchion (weapon)
Armour
 b - a +0 robe
 k - a +0 ring mail (worn)
Jewellery
 e - a +4 ring of intelligence {unknown}
 i - an uncursed ring of positive energy {unknown}
 m - an uncursed ring of flight {unknown}
 o - an uncursed ring of positive energy {unknown}
Wands
 s - a wand of flame (21)
 y - a wand of paralysis (13)
 z - a wand of polymorph (20)
Scrolls
 d - 7 scrolls of identify
 j - a scroll of fear
 l - 5 scrolls of remove curse
 r - a scroll of magic mapping {unknown}
 v - a scroll of enchant weapon
 x - a scroll of fog {unknown}
Potions
 g - a potion of flight {unknown}
Books
 n - a book of Changes

   Spells                             Type                      Level
   a - Beastly Appendage              Transmutation                1
   b - Sticks to Snakes               Transmutation                2
   c - Spider Form                    Transmutation/Poison         3
   d - Ice Form                       Ice/Transmutation            4
   e - Blade Hands                    Transmutation                5
Miscellaneous
 q - an ornate deck of escape {drawn: 3}
 u - a plain deck of destruction {drawn: 2}
 w - a plain deck of escape
 B - a plain deck of destruction
Comestibles
 c - 5 bread rations
 f - 6 royal jellies
 h - 2 meat rations
 p - 8 fruits


   Skills:
 + Level 7.6 Fighting
 + Level 6.2 Long Blades
 + Level 6.1 Armour
 - Level 2.4 Dodging
 - Level 2.1 Stealth
 + Level 4.5 Evocations


You had 8 spell levels left.
You didn't know any spells.

Dungeon Overview and Level Annotations

Branches:
Dungeon (7/15)             Temple (1/1) D:4

Altars:
Ashenzari
Cheibriados
Dithmenos
Elyvilon
Gozag
Hepliaklqana
Kikubaaqudgha
Makhleb
Nemelex Xobeh
Sif Muna
Trog
Xom
Yredelemnul

Annotations:
D:5 exclusion: door


Innate Abilities, Weirdness & Mutations

You are resistant to torment.
Your stone body is resilient. (AC +6)
You are immune to poison.
You resist negative energy. (rN+)
You are resistant to electric shocks. (rElec)
You can survive without breathing.
You are immune to petrification.
You are immune to rotting.


Message History

Aiming: Polymorph
Press: ? - help, Shift-Dir - straight line, f - satyr
Aim: a satyr (lightly wounded, chance to defeat MR: 41%)
Okay, then.
Evoke which item? (* to show all) (? for menu, Esc to quit)
Aiming: Paralyse
Press: ? - help, Shift-Dir - straight line, f - satyr
Aim: a satyr (lightly wounded, chance to defeat MR: 41%)
The satyr resists with some effort.
The satyr hits you!
* * * LOW HITPOINT WARNING * * *
Evoke which item? (* to show all) (? for menu, Esc to quit)
You draw a card...
It is the Orb.
You have drawn the Orb.
Press: ? - help, Shift-Dir - straight line, f/p - satyr
Aim: a satyr (lightly wounded)
The orb of energy hits the satyr.
The satyr is moderately wounded.
The satyr hits you.
You die...
Your body glows with a rainbow of weird colours and disappears.

### #..
#.# #c#
#@# #.#
#.# #.#
#.#######
#.......#
######
#######.#
#.....
#...#
###.####
#.###
#...#


You could see a satyr.

Vanquished Creatures
  The ghost of Regeox the Magician, a novice GnWn of Cheibriados (D:5)
  2 sky beasts
  A black bear (D:6)
  3 ogres
  A phantom (D:4)
  A centaur (D:6)
  A bullfrog (D:6)
  Dowan (D:5)
  A scorpion (D:6)
  3 howler monkeys
  2 crimson imps
  A jelly (D:6)
  2 hounds
  2 orc priests
  An orc wizard (D:4)
  An iguana (D:6)
  3 worker ants
  A killer bee zombie (D:6)
  A gnoll (D:6)
  4 river rats
  9 adders
  3 shadow imps
  An adder zombie (D:6)
  An adder skeleton (D:5)
  5 worms
  2 dart slugs (D:1)
  3 leopard geckos
  8 orcs
  7 giant cockroaches
  8 goblins
  7 hobgoblins
  A jackal (D:3)
  A quokka (D:5)
  A ball python (D:2)
  9 bats
  3 frilled lizards
  2 kobolds
  A leopard gecko skeleton (D:4)
  A quokka zombie (D:5)
  9 rats
115 creatures vanquished.

Vanquished Creatures (collateral kills)
  Duvessa (D:5)
  A hound (D:7)
  An adder (D:7)
3 creatures vanquished.

Vanquished Creatures (others)
  2 fire vortices (D:5)
2 creatures vanquished.

Grand Total: 120 creatures vanquished

Notes
Turn   | Place    | Note
-------+----------+-------------------------------------------
     0 | D:1      | Gerstahl the Gargoyle Monk began the quest for the Orb.
     0 | D:1      | Reached XP level 1. HP: 14/14 MP: 1/1
    87 | D:1      | Reached XP level 2. HP: 18/19 MP: 2/2
   654 | D:1      | Reached XP level 3. HP: 24/24 MP: 3/3
   679 | D:1      | Reached skill level 4 in Fighting
  1662 | D:3      | Reached skill level 1 in Armour
  1662 | D:3      | Reached XP level 4. HP: 21/30 MP: 4/4
  1964 | D:3      | Reached XP level 5. HP: 34/34 MP: 5/5
  2056 | D:3      | You fall through a shaft for 2 floors!
  2056 | D:5      | Entered Level 5 of the Dungeon
  2111 | D:5      | Reached skill level 5 in Fighting
  2186 | D:5      | Noticed Regeox's ghost (novice GnWn)
  2244 | D:5      | Noticed a sky beast
  2310 | D:5      | Killed Regeox's ghost
  2310 | D:5      | Reached skill level 1 in Evocations
  2310 | D:5      | Reached XP level 6. HP: 40/40 MP: 5/7
  2310 | D:5      | Reached XP level 7. HP: 44/44 MP: 5/8
  2621 | D:5      | Reached skill level 6 in Fighting
  2652 | D:5      | Noticed Dowan
  2653 | D:5      | Noticed Duvessa
  2824 | D:3      | Reached skill level 5 in Long Blades
  3453 | D:4      | Found a staircase to the Ecumenical Temple.
  3468 | Temple   | Entered the Ecumenical Temple
  3539 | Temple   | Became a worshipper of Nemelex Xobeh the Trickster
  3539 | Temple   | Received a gift from Nemelex Xobeh
  3539 | Temple   | Received a gift from Nemelex Xobeh
  3539 | Temple   | Reached * piety under Nemelex Xobeh
  3539 | Temple   | Received a gift from Nemelex Xobeh
  3539 | Temple   | Reached ** piety under Nemelex Xobeh
  3657 | D:4      | Reached XP level 8. HP: 14/51 MP: 8/10
  4255 | D:4      | Received a gift from Nemelex Xobeh
  4553 | D:5      | Reached skill level 5 in Armour
  4689 | D:5      | Killed Duvessa
  4692 | D:5      | Killed Dowan
  5045 | D:5      | Found a deep blue altar of Sif Muna.
  5415 | D:6      | Reached skill level 7 in Fighting
  5868 | D:6      | Received a gift from Nemelex Xobeh
  5885 | D:6      | Noticed a brown ugly thing
  5911 | D:6      | Noticed a satyr
  5911 | D:6      | a brown ugly thing changed into a satyr
  5918 | D:6      | You fall through a shaft!
  6205 | D:6      | Reached XP level 9. HP: 48/57 MP: 12/12
  6431 | D:6      | Found a bloodstained altar of Trog.
  6432 | D:6      | Found an opulent altar of Gozag.
  6432 | D:6      | Found a deep blue altar of Sif Muna.
  6433 | D:6      | Found a shattered altar of Ashenzari.
  6534 | D:6      | Slain by a satyr

Vault maps used:
D:1:      ncdulo_wetmaze
D:3:      cheibrodos_old_hovel, gup_sewer_entry_spiral
D:4:      minmay_temple_entry_junction_2
D:5:      first_bread, corexii_leaking_fountain, led_sif_book, uniq_duvessa
D:6:      chequers_temple_overflow_statue_of_worship
Temple:   dpeg_five_rooms_temple

Skill      XL: |  1  2  3  4  5  6  7  8  9 |
---------------+----------------------------+-----
Long Blades    | 3 4 5 6 |  6.2
Fighting       | 4 5 6 7 |  7.6
Armour         | 1 3 4 5 6 |  6.1
Evocations     | 1 2 4 |  4.5
Dodging        | |  2.4
Stealth        | |  2.1

Action                   |  1- 3 |  4- 6 |  7- 9 || total
-------------------------+-------+-------+-------++-------
Melee: Falchion          |    88 |   115 |   357 ||   560
Evoke: Deck              |       |       |    13 ||    13
       Wand              |       |       |     2 ||     2
  Use: Scroll            |       |     5 |       ||     5
       Potion            |       |     5 |     3 ||     8
 Stab: Sleeping          |     7 |     1 |       ||     8
  Eat: Chunk             |     2 |     2 |    10 ||    14
       Meat ration       |       |       |     1 ||     1
Armor: Robe              |    34 |       |       ||    34
       Ring mail         |    10 |    64 |   190 ||   264
Dodge: Dodged            |    55 |    79 |   225 ||   359
       Rpst.: Falchion   |    19 |    30 |    84 ||   133

Table legend:
 A = Spawn XP
 B = Non-spawn XP
 C = Spawn XP percentage of total XP
 D = Spawn monster count
 E = Non-spawn monster count
 F = Spawn count percentage of total count
 G = Total turns spent on level
                    A         B        C        D         E        F      G
               +---------+---------+-------+---------+---------+-------+---------
         Total |       0 |    2824 |   0.0 |       0 |     118 |   0.0 |  6534
               +---------+---------+-------+---------+---------+-------+---------
           D:1 |       0 |      37 |   0.0 |       0 |      21 |   0.0 |   782
           D:2 |       0 |      24 |   0.0 |       0 |      11 |   0.0 |   870
           D:3 |       0 |     188 |   0.0 |       0 |      31 |   0.0 |  1152
           D:4 |       0 |     473 |   0.0 |       0 |      14 |   0.0 |  1016
           D:5 |       0 |    1156 |   0.0 |       0 |      20 |   0.0 |  1402
           D:6 |       0 |     913 |   0.0 |       0 |      19 |   0.0 |  1007
           D:7 |       0 |      33 |   0.0 |       0 |       2 |   0.0 |   180
               +---------+---------+-------+---------+---------+-------+---------
